Map: 엔디온 잔해

Players

llllllllllll (Scarlett) - Winner!

  • Race: Zerg Zerg
  • League: Grandmaster

llllllllllll

  • Race: Terran Terran
  • League: Grandmaster

VOD

Have the link to the VOD?

Description

Time

  • Played on: April 13, 2016, 5:23 a.m.
  • Length: 5:24
Show
View Real Time Build Order
Export as new Build Order

llllllllllll Zerg - Winner!

Build Orders: Pool First 

Get SALT Encoding   

  12  0:01  Drone  
  13  0:10  Drone  
  14  0:18  Overlord  
  14  0:24  Extractor  
  14  0:25  Drone  
  15  0:36  Drone x2  
  17  0:45  Spawning Pool  
  17  0:49  Drone  
  17  0:57  Drone, Extractor  
  17  1:06  Drone  
  18  1:20  Drone, Hatchery  
  18  1:33  Zergling x2  
  18  1:34  Queen  
  18  1:38  Zergling x2  
  22  1:55  Overlord  
  22  1:57  Metabolic Boost  
  22  2:13  Queen  
  22  2:15  Drone x2  
  26  2:35  Drone, Queen  
  29  2:42  Overlord  
  29  2:45  Zergling x6  
  29  2:48  Zergling x4  
  33  3:02  Zergling x6  
  35  3:10  Drone  
  35  3:11  Drone  
  37  3:26  Drone, Hatchery  
  37  3:43  Drone  
  37  3:44  Drone x4  
  40  3:56  Drone  
  40  3:59  Drone, Overlord  
  41  4:06  Overlord, Queen  
  41  4:07  Overlord  
  42  4:10  Drone x2  
  42  4:13  Evolution Chamber  
  42  4:15  Evolution Chamber, Overlord  
  42  4:23  Drone  
  43  4:27  Queen  
  43  4:29  Spore Crawler  
  44  4:35  Drone x4  
  44  4:36  Drone  
  49  4:50  Zergling x4  
  51  4:54  Zergling x2  
  51  4:55  Drone  
  51  4:56  Drone x3  
  56  5:04  Overlord  
  56  5:05  Drone x5  
  61  5:22  Baneling Nest  
Show
View Real Time Build Order
Export as new Build Order

llllllllllll Terran 

Build Orders: Reaper Expand 

Get SALT Encoding   

  12  0:00  SCV  
  13  0:13  SCV  
  14  0:18  Supply Depot  
  14  0:29  SCV  
  15  0:40  Barracks  
  15  0:41  SCV  
  16  0:45  Refinery  
  16  0:53  SCV  
  17  1:05  SCV  
  18  1:17  SCV  
  19  1:28  Reaper  
  19  1:29  Orbital Command  
  20  1:41  Command Center  
  20  1:49  Supply Depot  
  20  1:56  SCV  
  20  2:00  Marine  
  22  2:07  Factory  
  22  2:08  SCV  
  22  2:13  Refinery  
  23  2:20  SCV  
  23  2:22  Barracks Reactor  
  24  2:30  Marine  
  24  2:33  SCV  
  24  2:45  SCV  
  24  2:48  Barracks Reactor  
  25  2:57  SCV  
  26  3:01  Factory Reactor  
  26  3:03  Starport  
  26  3:09  SCV  
  27  3:19  Orbital Command  
  27  3:20  Bunker  
  27  3:21  SCV  
  27  3:24  Marine  
  27  3:25  Marine  
  29  3:36  SCV  
  29  3:39  Hellion x2  
  33  3:42  Marine x2  
  33  3:45  Medivac  
  33  3:47  SCV  
  36  3:52  Orbital Command  
  34  4:06  Hellion  
  34  4:07  Hellion  
  36  4:11  Armory  
  36  4:13  Marine x2  
  36  4:17  SCV  
  39  4:19  SCV  
  40  4:25  Supply Depot  
  40  4:33  Marine x2  
  40  4:37  Hellion  
  46  4:40  Hellion  
  46  4:47  SCV x2, Medivac  
  46  4:52  Supply Depot  
  50  4:53  Marine  
  50  4:54  Marine  
  50  4:59  SCV x2  
Tags
 
Add a new tag
Caveats
  • Supply blocks, unpowered buildings, or Contaminate may cause inaccurate times.
  • Supply counts are checked every 10 seconds.